AoeStats
← LordEryn

Fortress

509040138Analyzed
4v4 RM · 8d ago on Sep 25, 2026· 48m 24s· 8 players
Game mode
Random Map
Map size
Huge
Population
200
Speed
Normal
Resources
Standard
Victory
Conquest
Starting age
Dark Age
Ending age
Imperial Age
RankedLock teamsTeams togetherTeam positionsShared explorationLock speedFull tech treeHidden civsTurbo modeCheats
Victory
Defeat
🇪🇸 Celts · Spain
975
+15
🇷🇺 Saracens · Russia
975
+15
🇳🇱 Inca · Netherlands
972
+15
🇮🇩 Persians · Indonesia
922
+18
🇵🇪 Franks · Peru
1002
-17
🇩🇪 Saxons · Germany
970
-16
🇦🇹 Cumans · Austria
938
-15
🇵🇪 Slavs · Peru
932
-15
war_xtreme
1:14 Loom
11:42 Feudal Age
14:33 Double-Bit Axe
17:57 Castle Age
15:48 Horse Collar
17:12 Gold Mining
18:18 Stone Mining
21:14 Imperial Age
19:03 Bow Saw
20:19 Heavy Plow
20:59 Gold Shaft Mining
21:10 Scale Barding Armor
22:46 Conscription
26:12 Two-Man Saw
27:58 Chain Barding Armor
30:27 Caravan
32:52 Forging
34:20 Elite Boyar
42:49 Elite Boyar
LordEryn
7:10 Feudal Age
5:28 Loom
7:44 Horse Collar
7:53 Double-Bit Axe
8:01 Gold Mining
13:19 Castle Age
12:30 Arson
12:06 Man-at-Arms
13:03 Forging
14:51 Bow Saw
15:37 Iron Casting
16:52 Gambesons
17:09 Squires
19:02 Gold Shaft Mining
20:44 Wheelbarrow
20:46 Stone Mining
21:00 Heavy Plow
23:55 Squires
23:16 Pikeman
24:04 Scale Mail Armor
27:19 Imperial Age
26:02 Chain Mail Armor
29:31 Capped Ram
30:31 Siege Ram
31:20 Elite Hearth Troop
32:26 Conscription
33:51 Halberdier
35:09 Plate Mail Armor
37:48 Shield Wall
Bantum
Alichok (Rexxar)
5:37 Loom
12:33 Feudal Age
13:19 Double-Bit Axe
20:16 Castle Age
18:44 Arson
21:38 Wheelbarrow
44:35 Imperial Age
43:40 Gold Mining
45:34 Gold Shaft Mining
Bart
0:28 Loom
8:40 Feudal Age
13:49 Castle Age
12:16 Horse Collar
12:22 Double-Bit Axe
12:27 Gold Mining
12:28 Stone Mining
15:41 Heavy Plow
15:52 Bow Saw
20:05 Wheelbarrow
23:06 Town Watch
23:38 Hand Cart
24:20 Town Patrol
24:41 Fletching
29:03 Imperial Age
25:57 Pikeman
26:24 Arson
27:17 Bodkin Arrow
27:21 Murder Holes
28:24 Thumb Ring
28:59 Squires
28:21 Champi Runner
29:42 Elite Skirmisher
31:16 Conscription
33:14 Chemistry
32:30 Siege Engineers
32:30 Bracer
33:36 Ballistics
33:19 Padded Archer Armor
33:20 Scale Mail Armor
33:31 Forging
35:06 Chain Mail Armor
35:06 Leather Archer Armor
34:15 Champi Warrior
35:21 Andean Sling
36:11 Halberdier
38:42 Iron Casting
38:38 Plate Mail Armor
38:56 Ring Archer Armor
38:55 Elite Kamayuk
40:45 Masonry
40:46 Fortified Wall
41:39 Blast Furnace
45:00 Elite Champi Warrior
45:43 Fabric Shields
45:29 Treadmill Crane
46:29 Hoardings
LTKR
9:10 Feudal Age
9:30 Loom
10:24 Horse Collar
10:38 Double-Bit Axe
14:19 Castle Age
12:39 Gold Mining
14:42 Wheelbarrow
15:26 Bow Saw
15:46 Heavy Plow
24:16 Imperial Age
22:14 Forging
21:57 Arson
23:12 Gold Shaft Mining
24:24 Iron Casting
25:09 Hand Cart
25:48 Conscription
28:09 Blast Furnace
28:23 Elite Woad Raider
29:57 Scale Mail Armor
29:58 Padded Archer Armor
30:59 Chain Mail Armor
37:28 Plate Mail Armor
43:20 Leather Archer Armor
42:54 Town Watch
48:47 Ring Archer Armor
Pipi kiwi
8:08 Feudal Age
8:44 Double-Bit Axe
9:02 Horse Collar
16:02 Castle Age
14:25 Forging
14:29 Bloodlines
15:07 Scale Barding Armor
15:17 Stone Mining
15:39 Gold Mining
18:25 Iron Casting
20:10 Bow Saw
24:53 Chain Barding Armor
24:42 Husbandry
29:19 Fletching
35:12 Imperial Age
34:45 Bodkin Arrow
37:16 Blast Furnace
37:48 Wheelbarrow
39:17 Gold Shaft Mining
40:22 Conscription
41:57 Hand Cart
41:36 Town Watch
41:15 Elite Mameluke
42:59 Bracer
45:19 Plate Barding Armor
45:58 Two-Man Saw
46:53 Capped Ram
MrTomatoChips
6:58 Feudal Age
7:40 Double-Bit Axe
7:42 Horse Collar
12:26 Castle Age
14:15 Bow Saw
17:54 Heavy Plow
18:35 Pikeman
21:10 Husbandry
21:34 Fervor
21:54 Gold Mining
25:15 Imperial Age
23:01 Stone Mining
23:48 Gold Shaft Mining
23:59 Loom
24:49 Wheelbarrow
23:59 Town Watch
24:38 Squires
24:53 Forging
24:49 Scale Barding Armor
25:34 Stone Shaft Mining
25:01 Cavalier
26:42 Hand Cart
26:27 Town Patrol
28:08 Iron Casting
27:54 Chain Barding Armor
28:50 Savar
29:47 Bloodlines
30:55 Two-Man Saw
30:36 Crop Rotation
32:13 Blast Furnace
31:49 Plate Barding Armor
31:15 Scale Mail Armor
30:45 Halberdier
31:43 Citadels
33:53 Murder Holes
34:08 Masonry
34:19 Ballistics
35:00 Chemistry
35:46 Fletching
35:56 Padded Archer Armor
35:59 Kamandaran
36:20 Conscription
36:42 Bodkin Arrow
37:23 Architecture
36:46 Guard Tower
37:15 Guilds
37:05 Caravan
42:05 Heavy Scorpion
43:36 Elite Skirmisher
44:42 Parthian Tactics
44:23 Thumb Ring
45:29 Hoardings
47:27 Spies/Treason
Connection lost

Rejoining the realm…

Still unreachable

The connection could not be restored.

Session expired

The server has moved on; the page needs a fresh start.